 Dungeon Crawl Stone Soup version 0.28-a0-819-g6ef7baa362 (webtiles) character file.

Game seed: 6027875823587366021

5 ytrimaz the Sneak (level 1, 14/15 HPs)
             Began as a Naga Enchanter on Nov 8, 2021.
             Quit the game on level 1 of the Dungeon.
             The game lasted 00:00:37 (507 turns).

ytrimaz the Sneak (Naga Enchanter)                   Turns: 507, Time: 00:00:38

Health: 14/15      AC:  1    Str: 10    XL:     1   Next: 80%
Magic:  3/3        EV:  9    Int: 15    God:
Gold:   13         SH:  0    Dex: 11    Spells: 4/4 levels left

rFire   . . .      SeeInvis +   a - +1 dagger
rCold   . . .      Faith    .   (no shield)
rNeg    . . .      Spirit   .   b - +0 robe
rPois   +          Reflect  .   (no helmet)
rElec   .          Harm     .   (no cloak)
rCorr   .          Rampage  .   (no gloves)
Will    .....                   (no barding)
Stlth   +++.......              (no amulet)
HPRegen 0.05/turn               (no ring)
MPRegen 0.08/turn               (no ring)

@: short of breath, very slow
A: AC +0, large, see invisible, deformed body, poison resistance, slowness 2,
spit poison 1, naga tail 1
a: Spit Poison


You were on level 1 of the Dungeon.
You visited 1 branch of the dungeon, and saw 1 of its levels.

You collected 13 gold pieces.

Inventory:

Hand Weapons
 a - a +1 dagger (weapon)
Armour
 b - a +0 robe (worn)
Potions
 c - a potion of invisibility
 d - a potion of lignification {unknown}
 e - a potion of ambrosia {unknown}


   Skills:
 * Level 1.2 Short Blades
 + Level 1.6 Dodging
 * Level 4.6 Stealth
 + Level 2.0 Spellcasting
 + Level 3.0 Hexes


You had 4 spell levels left.
You didn't know any spells.
Your spell library contained the following spells:

 Spells                   Type           Power      Damage    Failure   Level
 Ensorcelled Hibernation  Hex/Ice        12%        N/A       19%         2
 Confusing Touch          Hex            10%        N/A       19%         3
 Tukima's Dance           Hex            10%        N/A       19%         3
 Animate Skeleton         Necr           2%         N/A       22%         1
 Apportation              Tloc           2%         N/A       22%         1
 Summon Small Mammal      Summ           4%         N/A       22%         1
 Dazzling Flash           Conj/Hex       12%        N/A       34%         3


Dungeon Overview and Level Annotations

Branches:
Dungeon (1/15)

Altars:


Innate Abilities, Weirdness & Mutations

Your serpentine skin is tough. (AC +0)
You have supernaturally acute eyesight. (SInv)
Armour fits poorly on your strangely shaped body.
Your system is resistant to poisons. (rPois)
You cover ground very slowly.
You can spit poison.
You have a snake-like lower body.


Message History

Found an escape hatch in the floor.
There is an escape hatch in the floor here.
You open the door.
There is an open door here.
e - an inky potion You open the door.
There is an open door here.
You now have 13 gold pieces.
You open the door.
There is an open door here.
There is an open door here.
There is an escape hatch in the floor here.
A ball python comes into view.
A ball python is nearby!
No targets found!
The ball python hisses angrily.
The splash of poison hits the ball python.
The ball python is poisoned.
You kill the ball python!
You can't do that yet.
You have got your breath back.
There is an open door here.
You open the door.
There is an open door here.
A giant cockroach comes into view.
A giant cockroach is nearby!
A giant cockroach is nearby!
No targets found!
The splash of poison hits the giant cockroach.
The giant cockroach is almost dead.
A giant cockroach is nearby!
A giant cockroach is nearby!
The giant cockroach bites you.
You hit the giant cockroach.
You kill the giant cockroach!
You see here a giant cockroach corpse.
Welcome back, ytrimaz the Naga Enchanter.
Press ? for a list of commands and other information.
Okay, then.
Are you sure you want to abandon this character and quit the game? (Confirm with "yes".)

#####.##### #.# #.# #.#
#.# #.# ##.# #.# #..# #
#.# #.### ##. #.# #.#.##
#
###...##.#######....####
.......@...............'
###...##.#######....####
##. #.# #.#..## # # ..#
##.#.# #.## ###.# #. #.#
#. #.# #. #.# # #.# ##


There were no monsters in sight!

Vanquished Creatures
  2 ball pythons (D:1)
  2 giant cockroaches (D:1)
  A rat (D:1)
5 creatures vanquished.

Notes
Turn   | Place    | Note
-------+----------+-------------------------------------------
     0 | D:1      | ytrimaz the Naga Enchanter began the quest for the Orb.
     0 | D:1      | Reached XP level 1. HP: 15/15 MP: 3/3
   507 | D:1      | Upgraded the game from 0.28-a0-816-gb054d885db to
                  | 0.28-a0-819-g6ef7baa362
   507 | D:1      | Quit the game

Illustrated notes

Levels and vault maps discovered:
D:1:      psy_arrival_whirlpool, layout_loops_corners, minmay_misc_feat_columns

Action                   || total
-------------------------++-------
Melee: Dagger            ||    16
 Abil: Spit Poison       ||     3
Armor: Robe              ||     2
Dodge: Dodged            ||    10

Table legend: (Time is in decaauts)
 A = Elapsed time spent in this place.
 B = Non-inter-level travel time spent in this place.
 C = Inter-level travel time spent in this place.
 D = Time resting spent in this place.
 E = Time spent auto-exploring this place.
 F = Levels seen in this place.
 G = Mean time per level.
                   A        B        C        D        E       F      G
               +--------+--------+--------+--------+--------+-----+--------+
         Total |    626 |    626 |      0 |      0 |    577 |   1 |  626.0 |
       Dungeon |    626 |    626 |      0 |      0 |    577 |   1 |  626.0 |
               +--------+--------+--------+--------+--------+-----+--------+

Top non-repeatable levels by time:
     D:1: 626 daAuts
